 Dungeon Sprint DCSS version 0.25.1-2-g60ff931df9 (webtiles) character file.

Game seed: 3316744135014168608

27517 listentometal the Ruinous (level 13, -5/73 HPs)
             Began as a Tengu Fire Elementalist on Oct 1, 2020.
             Was the Champion of Vehumet.
             Hit by a large rock thrown by Polyphemus (14 damage)
             ... in the Dungeon (Sprint III: "The Ten Rune Challenge").
             The game lasted 00:25:11 (4675 turns).

listentometal the Ruinous (Tengu Fire Elementalist) Turns: 4675, Time: 00:25:11

Health: -5/73      AC:  4    Str:  9    XL:     13   Next: 32%
Magic:  20/41      EV: 28    Int: 25    God:    Vehumet [******]
Gold:   1656       SH:  5    Dex: 18    Spells: 11/40 levels left

rFire    + + +     SeeInvis +   p - staff of conjuration
rCold    + . .     Gourm    .   i - +0 buckler "Etzauhoe" {rPois Stlth+}
rNeg     . . .     Faith    .   v - +2 robe {rC+ rF+}
rPois    +         Spirit   .   (helmet restricted)
rElec    .         Reflect  .   (no cloak)
rCorr    .         Harm     .   (no gloves)
MR       .....     NoTele   +   (boots unavailable)
Stlth    ++++......             (no amulet)
HPRegen  0.22/turn              t - ring of Xitzimu {MP+9 Int+6 Dex+4 Stlth+}
MPRegen  0.27/turn              a - ring "Soshalaj" {rF++ SInv}

@: flying quickly and evasively, quick
A: beak, talons 3, dopey 1, able to fly
a: Stop Flying, Renounce Religion


You were in the Dungeon.
You worshipped Vehumet.
Vehumet was exalted by your worship.
You were not hungry.

You visited 1 branch You collected 3510 gold pieces.
You spent 1854 gold pieces at shops.

Inventory:

Hand Weapons
 q - a +2 long sword of holy wrath
Missiles
 b - 7 curare-tipped darts (quivered)
Armour
 i - the +0 buckler "Etzauhoe" (worn) {rPois Stlth+}
   (You acquired it in the Dungeon)

   It protects you from poison.
   It makes you more stealthy.
 v - a +2 robe of resistance (worn)
Magical Staves
 p - an uncursed staff of conjuration (weapon)
Jewellery
 a - the ring "Soshalaj" (right hand) {rF++ SInv}
   (You found it in the Dungeon)

   [ring of see invisible]

   It greatly protects you from fire.
   It lets you see invisible.
 j - the ring "Piuhor" {*Contam rElec Str+4 Int+6 Dex+3}
   (You found it in the Dungeon)

   [ring of intelligence]

   It affects your strength (+4).
   It affects your intelligence (+6).
   It affects your dexterity (+3).
   It insulates you from electricity.
   It causes magical contamination when unequipped.
 s - the ring "Ydewaq" {rElec rF+ MR+ Slay+5 Stlth+}
   (You bought it in a shop in the Dungeon)

   [ring of protection from magic]

   It affects your accuracy and damage with ranged weapons and melee attacks
   (+5).
   It protects you from fire.
   It insulates you from electricity.
   It affects your resistance to hostile enchantments.
   It makes you more stealthy.
 t - the ring of Xitzimu (left hand) {MP+9 Int+6 Dex+4 Stlth+}
   (You bought it in a shop in the Dungeon)

   [ring of intelligence]

   It affects your intelligence (+6).
   It affects your dexterity (+4).
   It affects your magic capacity (+9).
   It makes you more stealthy.
 u - an uncursed ring of poison resistance
 w - the ring "Dopruqoj" {Ice rN+ MR+}
   (You took it off a deep elf annihilator in the Dungeon)

   [ring of ice]

   It enhances your ice magic.
   It makes you vulnerable to fire.
   It protects you from cold.
   It protects you from negative energy.
   It affects your resistance to hostile enchantments.
 B - an uncursed ring of protection from fire
Wands
 e - a wand of flame (15)
 r - a wand of paralysis (6)
Scrolls
 k - a scroll of immolation
 m - 4 scrolls of remove curse
 x - 6 scrolls of amnesia {unknown}
 A - a scroll of silence {unknown}
Potions
 d - a potion of curing
 f - a potion of haste
 g - 2 potions of magic
 h - 2 potions of berserk rage
 n - 3 potions of flight
 o - 6 potions of mutation
Comestibles
 c - 17 rations
 l - 4 chunks of flesh


   Skills:
 - Level 5.4 Fighting
 - Level 3.1 Armour
 + Level 14.3 Dodging
 - Level 2.0 Stealth
 - Level 4.0 Shields
 + Level 14.4 Spellcasting
 + Level 21.1 Conjurations
 * Level 19.3 Fire Magic
 * Level 12.0 Air Magic


You had 11 spell levels left.
You knew the following spells:

 Your Spells              Type           Power        Failure   Level  Hunger
a - Foxfire               Conj/Fire      ####         0%          1    None
b - Stone Arrow           Conj/Erth      ######       1%          3    None
c - Sticky Flame          Conj/Fire      ########     0%          4    None
d - Fireball              Conj/Fire      ########..   0%          5    ##.....
e - Bolt of Magma         Conj/Fire/Erth #######...   1%          5    ##.....
f - Starburst             Conj/Fire      ########..   1%          6    ####...
g - Lightning Bolt        Conj/Air       ########..   1%          5    ##.....

Your spell library contained the following spells:

 Spells                   Type           Power        Failure   Level  Hunger
 Chain Lightning          Conj/Air       ########..   6%          8    #######
 Tornado                  Air            ######....   99%         9    #######
 Absolute Zero            Ice            ###.......   100%        9    #######
 Conjure Flame            Conj/Fire      ########     0%          3    None
 Static Discharge         Conj/Air       ########     0%          3    None
 Inner Flame              Hex/Fire       ######..     1%          3    None
 Irradiate                Conj/Tmut      #######...   1%          5    ##.....
 Iskenderun's Battlesphe  Conj/Chrm      #######.     1%          5    ##.....
 Iron Shot                Conj/Erth      #######...   1%          6    ####...
 Orb of Destruction       Conj           ########..   1%          7    ######.
 Ignition                 Fire           #######...   2%          8    #######
 Animate Skeleton         Necr           N/A          3%          1    None
 Apportation              Tloc           ###...       3%          1    None
 Corona                   Hex            ###....      3%          1    None
 Summon Small Mammal      Summ           ###.         3%          1    None
 Sublimation of Blood     Necr           ###.......   4%          2    None
 Spellforged Servitor     Conj/Summ      #######...   10%         7    ######.
 Fire Storm               Conj/Fire      ########..   21%         9    #######
 Animate Dead             Necr           N/A          30%         4    None
 Lehudib's Crystal Spear  Conj/Erth      #######...   54%         8    #######
 Agony                    Necr           ###.....     65%         5    ##.....
 Hydra Form               Tmut           ###.......   99%         6    ####...
 Statue Form              Tmut/Erth      ###......    99%         6    ####...
 Dragon Form              Tmut           ###.......   100%        7    ######.
 Haunt                    Necr/Summ      ###.......   100%        7    ######.
 Borgnjor's Revivificati  Necr           ###.......   100%        8    #######
 Death's Door             Chrm/Necr      ###.......   100%        8    #######
 Infestation              Necr           ###.......   100%        8    #######
 Necromutation            Tmut/Necr      ###.......   100%        8    #######
 Shatter                  Erth           ###.......   100%        9    #######


Dungeon Overview and Level Annotations

Branches:
Dungeon (1/1)

Altars:
Cheibriados
Dithmenos
Elyvilon
Fedhas
Gozag
Hepliaklqana
Kikubaaqudgha
Makhleb
Nemelex Xobeh
Okawaru
Qazlal
Ru
Sif Muna
Trog
Uskayaw
Vehumet
Wu Jian
Xom
Yredelemnul
Zin
The Shining One
Beogh
Jiyva
Lugonu

Shops:
D =

Annotations:
D Polyphemus


Innate Abilities, Weirdness & Mutations

You have a beak for a mouth.
You have claws for feet.
You can fly continuously.
You are dopey. (Int -2)


Message History

Confirm with . or Enter, or press ? or * to list all spells.
Aiming: Fireball (safe; 0% risk of failure)
Press: ? - help, Shift-Dir - straight line You feel a surge of power!
The fireball explodes!
You hear an angry hiss.
Casting: Fireball (safe; 0% risk of failure)
Confirm with . or Enter, or press ? or * to list all spells.
Aiming: Fireball (safe; 0% risk of failure)
Press: ? - help, Shift-Dir - straight line You feel a surge of power!
The fireball explodes!
Casting: Fireball (safe; 0% risk of failure)
Confirm with . or Enter, or press ? or * to list all spells.
Aiming: Fireball (safe; 0% risk of failure)
Press: ? - help, Shift-Dir - straight line, f - Polyphemus
Aim: Polyphemus, quivering 9 large rocks (severely wounded)
You feel a surge of power!
The fireball explodes!
The fireball engulfs Polyphemus!
Polyphemus is severely wounded.
Polyphemus throws a large rock.
The large rock hits you!
You die...

▓▓▓▓▓▓▓▓▓▓▓▓▓▓▓▓▓▓▓▓▓▓▓▓▓▓▓#.#.#.
♣.....♣♣♣♣≈≈≈........≈≈≈...##.#.#
♣.≈≈≈≈'♣♣'♣≈≈≈≈≈≈≈≈≈≈≈≈♣♣P.'.#.#.
'.....#.≈♣♣♣♣♣♣♣♣♣♣♣♣♣♣♣♣PP##.#.#
♣.....#..♣♣ ♣♣♣##)###
♣..♣..###'♣♣♣♣♣♣♣♣♣♣♣♣♣♣♣ #...'(
#♣♣♣♣♣♣♣♣.##..##≈≈≈≈≈≈..# #...#.
♣...##.##.#≈≈≈≈≈...# #...#.
♣♣.##.##†##@≈≈†≈☼####+#####.
♣..#.##.).#≈†..○☼○.°°#.PPP)
♣♣.##.##..#§..'#######..P)P
♣♣.##.#####C..#....).#....P
♣.....##(.....#♣♣♣._(#.)..P
########C###### #####+#### ▓≈≈
▓≈≈≈ ▓≈≈≈.


You could see Polyphemus.

Vanquished Creatures
  A deep elf blademaster (D)
  Dowan (D)
  3 deep elf annihilators (D)
  Azrael (D)
  A yaktaur captain (D)
  Josephine (D)
  2 deep elf high priests (D)
  2 hydras (D)
  A centaur warrior (D)
  5 orc high priests (D)
  Urug (D)
  A death drake (D)
  A spriggan druid (D)
  An unseen horror (D)
  A lindwurm (D)
  An orc sorcerer (D)
  7 deep elf magi (D)
  Duvessa (D)
  2 spiny frogs (D)
  A rime drake (D)
  A komodo dragon (D)
  3 yaktaurs (D)
  A queen bee (D)
  3 wandering mushrooms (D)
  2 tyrant leeches (D)
  5 blink frogs (D)
  3 dream sheep (D)
  3 redbacks (D)
  A shadow (D)
  2 spriggans (D)
  A spatial vortex (D)
  2 orc warriors (D)
  A swamp drake (D)
  A necrophage (D)
  2 centaurs (D)
  An earth elemental (D)
  A water elemental (D)
  32 killer bees (D)
  An electric eel (D)
  A jelly (D)
  4 orc priests (D)
  A wizard (D)
  Jessica (D)
  A necromancer (D)
  An orc wizard (D)
  3 humans (D)
  A kobold demonologist (D)
  A wolf (D)
  9 orcs (D)
  3 rats (D)
  A plant (D)
128 creatures vanquished.

Vanquished Creatures (others)
  144 foxfires (D)
  6 plants (D)
150 creatures vanquished.

Grand Total: 278 creatures vanquished

Notes
Turn   | Place    | Note
-------+----------+-------------------------------------------
     0 | D        | listentometal the Tengu Fire Elementalist began the quest
                  | for the Orb.
     0 | D        | Reached XP level 1. HP: 10/10 MP: 4/4
   103 | D        | Reached skill level 2 in Conjurations
   124 | D        | Noticed Jessica
   130 | D        | Killed Jessica
   130 | D        | Reached skill level 4 in Conjurations
   130 | D        | Reached skill level 5 in Fire Magic
   130 | D        | Reached XP level 2. HP: 15/15 MP: 1/6
   130 | D        | Reached XP level 3. HP: 19/19 MP: 1/8
   221 | D        | Reached skill level 5 in Conjurations
   282 | D        | Reached XP level 4. HP: 22/24 MP: 5/9
   290 | D        | Learned a level 4 spell: Sticky Flame
   329 | D        | Noticed a water elemental
   337 | D        | Killed a water elemental
   337 | D        | Reached skill level 7 in Conjurations
   337 | D        | Gained mutation: You can fly continuously. [Tengu growth]
   337 | D        | Reached XP level 5. HP: 17/28 MP: 6/11
   379 | D        | Learned a level 5 spell: Fireball
   460 | D        | Found a basalt altar of Yredelemnul.
   460 | D        | Found a shadowy altar of Dithmenos.
   460 | D        | Found a sacrificial altar of Ru.
   460 | D        | Noticed a necrophage
   470 | D        | Killed a necrophage
   470 | D        | Reached skill level 5 in Dodging
   470 | D        | Reached skill level 9 in Conjurations
   470 | D        | Reached XP level 6. HP: 21/31 MP: 6/14
   564 | D        | Found a radiant altar of Vehumet.
   565 | D        | Found a shimmering blue altar of Sif Muna.
   565 | D        | Found an ancient bone altar of Kikubaaqudgha.
   572 | D        | Noticed a hellwing
   574 | D        | Reached skill level 5 in Spellcasting
   614 | D        | Became a worshipper of Vehumet
   638 | D        | Found a glowing silver altar of Zin.
   639 | D        | Found a glowing golden altar of the Shining One.
   642 | D        | Noticed a deep elf mage
   643 | D        | Killed a deep elf mage
   643 | D        | Reached skill level 11 in Conjurations
   643 | D        | Reached skill level 10 in Fire Magic
   643 | D        | Reached XP level 7. HP: 35/35 MP: 5/17
   644 | D        | Found a white marble altar of Elyvilon.
   721 | D        | Found a hide-covered altar of Uskayaw.
   721 | D        | Found a roughly hewn altar of Beogh.
   721 | D        | Found an iron altar of Okawaru.
   721 | D        | Found a bloodstained altar of Trog.
   721 | D        | Found an ornate altar of the Wu Jian Council.
   721 | D        | Noticed a human
   721 | D        | Noticed a human
   729 | D        | Killed a human
   729 | D        | Reached skill level 12 in Conjurations
   735 | D        | Killed a human
   735 | D        | Reached * piety under Vehumet
   735 | D        | Offered knowledge of Sandblast by Vehumet.
   735 | D        | Reached XP level 8. HP: 40/40 MP: 2/19
   875 | D        | Noticed a shadow
   876 | D        | Killed a shadow
   876 | D        | Reached skill level 1 in Fighting
   876 | D        | Reached skill level 13 in Conjurations
   932 | D        | Found a blossoming altar of Fedhas.
   932 | D        | Found a stormy altar of Qazlal.
   932 | D        | Found a snail-covered altar of Cheibriados.
   932 | D        | Found a burning altar of Makhleb.
   932 | D        | Found a shimmering altar of Xom.
   933 | D        | Found a hazy altar of Hepliaklqana.
   933 | D        | Found an opulent altar of Gozag.
   933 | D        | Found a sparkling altar of Nemelex Xobeh.
   933 | D        | Found a corrupted altar of Lugonu.
   933 | D        | Found a viscous altar of Jiyva.
   953 | D        | Offered knowledge of Shock by Vehumet.
   953 | D        | Reached ** piety under Vehumet
  1051 | D        | Noticed Josephine
  1057 | D        | Killed Josephine
  1057 | D        | Reached skill level 14 in Conjurations
  1057 | D        | Reached XP level 9. HP: 27/50 MP: 3/22
  1199 | D        | Offered knowledge of Ignite Poison by Vehumet.
  1199 | D        | Noticed an orc high priest
  1199 | D        | Noticed an orc high priest
  1200 | D        | Reached *** piety under Vehumet
  1200 | D        | Noticed an orc sorcerer
  1201 | D        | Killed an orc high priest
  1201 | D        | Killed an orc sorcerer
  1201 | D        | Reached skill level 15 in Conjurations
  1202 | D        | Killed an orc high priest
  1202 | D        | Reached skill level 5 in Fighting
  1202 | D        | Reached skill level 10 in Dodging
  1202 | D        | Reached XP level 10. HP: 51/58 MP: 14/24
  1202 | D        | Reached **** piety under Vehumet
  1223 | D        | Reached skill level 10 in Spellcasting
  1230 | D        | Reached ***** piety under Vehumet
  1359 | D        | Offered knowledge of Stone Arrow by Vehumet.
  1390 | D        | Found Tafiphuf's Jewellery Shop.
  1429 | D        | Bought the ring of Xitzimu {MP+9 Int+6 Dex+4 Stlth+} for
                  | 956 gold pieces
  1434 | D        | Learned a level 3 spell: Stone Arrow
  1475 | D        | Offered knowledge of Bolt of Magma by Vehumet.
  1538 | D        | Noticed a centaur warrior
  1540 | D        | Reached skill level 1 in Armour
  1544 | D        | Killed a centaur warrior
  1544 | D        | Reached skill level 16 in Conjurations
  1572 | D        | Learned a level 5 spell: Bolt of Magma
  1779 | D        | Noticed an unseen horror
  1780 | D        | Killed an unseen horror
  1780 | D        | Offered knowledge of Olgreb's Toxic Radiance by Vehumet.
  1835 | D        | Reached ****** piety under Vehumet
  1904 | D        | Noticed a spiny frog
  1904 | D        | Noticed a spiny frog
  1905 | D        | Killed a spiny frog
  1907 | D        | Killed a spiny frog
  1907 | D        | Reached skill level 17 in Conjurations
  1909 | D        | Reached skill level 15 in Fire Magic
  1909 | D        | Reached XP level 11. HP: 63/63 MP: 21/27
  1984 | D        | Offered knowledge of Starburst by Vehumet.
  2006 | D        | Learned a level 6 spell: Starburst
  2339 | D        | Offered knowledge of Conjure Ball Lightning by Vehumet.
  2392 | D        | Noticed a lindwurm
  2395 | D        | Killed a lindwurm
  2395 | D        | Reached skill level 18 in Conjurations
  2502 | D        | Bought an uncursed ring of poison resistance for 200 gold
                  | pieces
  2571 | D        | Offered knowledge of Irradiate by Vehumet.
  2853 | D        | Offered knowledge of Lee's Rapid Deconstruction by Vehumet.
  3030 | D        | Offered knowledge of Lightning Bolt by Vehumet.
  3054 | D        | Learned a level 5 spell: Lightning Bolt
  3186 | D        | Noticed Dowan
  3186 | D        | Noticed Duvessa
  3190 | D        | Killed Dowan
  3190 | D        | Reached skill level 19 in Conjurations
  3210 | D        | Killed Duvessa
  3367 | D        | Reached skill level 1 in Air Magic
  3373 | D        | Noticed a sun demon
  3373 | D        | Offered knowledge of Ozocubu's Refrigeration by Vehumet.
  3373 | D        | Reached XP level 12. HP: 55/68 MP: 9/30
  3484 | D        | Noticed a yaktaur captain
  3495 | D        | Killed a yaktaur captain
  3725 | D        | Noticed Azrael
  3735 | D        | Killed Azrael
  3827 | D        | Acquired the +0 buckler "Etzauhoe" {rPois Stlth+}
  3941 | D        | Reached skill level 1 in Shields
  3941 | D        | Reached skill level 20 in Conjurations
  3942 | D        | Reached skill level 5 in Air Magic
  3943 | D        | Offered knowledge of Chain Lightning by Vehumet.
  3943 | D        | Offered knowledge of Tornado by Vehumet.
  3943 | D        | Offered knowledge of Absolute Zero by Vehumet.
  3953 | D        | Noticed a deep elf annihilator
  4031 | D        | Identified the +2 plate armour of the Unseen Realm {+Inv
                  | rElec rC+++ Dex-5}
  4031 | D        | Noticed a deep elf high priest
  4032 | D        | Identified the amulet of Fixoavuk {Spirit *Drain rPois
                  | Str+5}
  4032 | D        | Noticed a deep elf high priest
  4034 | D        | Killed a deep elf high priest
  4035 | D        | Killed a deep elf annihilator
  4036 | D        | Killed a deep elf high priest
  4038 | D        | Noticed a deep elf annihilator
  4040 | D        | Killed a deep elf annihilator
  4042 | D        | Killed a deep elf annihilator
  4142 | D        | Identified the +12 crystal plate armour of Dyspraxia {rCorr
                  | Dex+4}
  4142 | D        | Identified the ring "Dopruqoj" {Ice rN+ MR+} (You took it
                  | off a deep elf annihilator in the Dungeon)
  4142 | D        | Noticed a deep elf blademaster
  4155 | D        | Killed a deep elf blademaster
  4155 | D        | Reached skill level 10 in Air Magic
  4155 | D        | Reached XP level 13. HP: 73/73 MP: 12/32
  4221 | D        | Got a glittering silver ring
  4221 | D        | Got a brightly glowing jade ring
  4233 | D        | Identified the Tome of Evil Secrets
  4262 | D        | Identified the ring "Soshalaj" {rF++ SInv} (You found it in
                  | the Dungeon)
  4264 | D        | Identified the ring "Piuhor" {*Contam rElec Str+4 Int+6
                  | Dex+3} (You found it in the Dungeon)
  4276 | D        | Bought the ring "Ydewaq" {rElec rF+ MR+ Slay+5 Stlth+} for
                  | 698 gold pieces
  4310 | D        | Gained mutation: You are dopey. (Int -2) [mutagenic glow]
  4502 | D        | Noticed Urug
  4504 | D        | Killed Urug
  4546 | D        | Reached skill level 21 in Conjurations
  4601 | D        | Found a blossoming altar of Fedhas.
  4663 | D        | Noticed Polyphemus
  4675 | D        | Hit by a large rock thrown by Polyphemus

Illustrated notes

Levels and vault maps discovered:
D:        dungeon_sprint_mu [sprint_mu_entry_cave, sprint_mu_temple_rooms,
          sprint_mu_d1_horrors, sprint_mu_d2_genie, sprint_mu_d3_branching,
          sprint_mu_orc_legion, sprint_mu_elf_gauntlet, sprint_mu_hive_nellie,
          sprint_mu_lair_fedhas, sprint_mu_vaults_butterflies,
          sprint_mu_slime_circle, sprint_mu_swamp_cave, sprint_mu_shoals_archi,
          sprint_mu_blade_basic, sprint_mu_crypt_fortress,
          sprint_mu_tomb_spiral, sprint_mu_vestibule_basic,
          sprint_mu_gehenna_hellfire, sprint_mu_dis_giant,
          sprint_mu_tartarus_statrot, sprint_mu_cocytus_islands, sprint_mu_zot1]

Skill      XL: |  1  2  3  4  5  6  7  8  9 10 11 12 13 |
---------------+----------------------------------------+-----
Conjurations   | 4 5 7 9 11 12 14 15 17 19 20 21 | 21.1
Dodging        | 3 4 5 7 8 9 10 11 12 13 14 | 14.3
Fire Magic     | 5 6 8 10 11 12 13 15 16 18 19 | 19.3
Spellcasting   | 3 4 6 8 9 11 13 14 | 14.4
Fighting       | 3 5 |  5.4
Armour         | 3 |  3.1
Air Magic      | 1 10 12 | 12.0
Shields        | 4 |  4.0
Stealth        | |  2.0

Action                   |  1- 3 |  4- 6 |  7- 9 | 10-12 | 13-15 || total
-------------------------+-------+-------+-------+-------+-------++-------
Melee: Unarmed           |     2 |       |       |       |       ||     2
       Long sword        |       |       |       |    16 |       ||    16
       Kick              |       |       |       |    16 |       ||    16
       Peck              |       |       |       |     6 |       ||     6
 Cast: Foxfire           |    19 |    15 |    26 |    41 |       ||   101
       Sticky Flame      |       |     2 |     2 |    33 |     1 ||    38
       Fireball          |       |     1 |    10 |    39 |    15 ||    65
       Stone Arrow       |       |       |       |    18 |       ||    18
       Bolt of Magma     |       |       |       |    34 |     2 ||    36
       Starburst         |       |       |       |     3 |       ||     3
       Lightning Bolt    |       |       |       |     4 |       ||     4
 Abil: Fly               |       |       |       |     2 |       ||     2
       Stop Flying       |       |       |       |     1 |       ||     1
Evoke: Wand              |       |       |     1 |     5 |       ||     6
  Use: Potion            |       |     1 |       |     1 |       ||     2
       Scroll            |       |     2 |       |     2 |       ||     4
  Eat: Chunk             |       |       |     3 |    14 |     2 ||    19
       Ration            |       |       |       |     1 |       ||     1
Armor: Robe              |       |     2 |     1 |     5 |       ||     8
Dodge: Dodged            |     7 |     4 |     3 |    93 |     5 ||   112
       Rpst.: Long sword |       |       |       |    31 |       ||    31
